 Dungeon Crawl Stone Soup version 0.21.1-1-g345015f (webtiles) character file.

10877 inmateoo the Frost Mage (level 11, -2/64 HPs)
             Began as a Deep Elf Ice Elementalist on Feb 12, 2018.
             Was an Elder of Vehumet.
             Slain by a freezing wraith (20 damage)
             ... on level 11 of the Dungeon.
             The game lasted 00:33:22 (13156 turns).

inmateoo the Frost Mage (DEIE)                     Turns: 13156, Time: 00:33:22

Health: -2/64      AC: 16    Str:  5    XL:     11   Next: 41%
Magic:  3/25       EV: 15    Int: 24    God:    Vehumet [****..]
Gold:   436        SH:  5    Dex: 15    Spells: 2/26 levels left

rFire    + + .     SeeInvis +   i - +9 club
rCold    . . .     Gourm    +   E - +0 buckler
rNeg     . . .     Faith    .   p - +2 robe {rF+}
rPois    .         Spirit   .   r - +1 helmet
rElec    .         Reflect  .   (no cloak)
rCorr    .         Harm     .   (no gloves)
MR       +....                  o - +0 pair of boots
Stlth    ++++......             d - amulet of the gourmand
HPRegen  0.20/turn              e - ring "Fiehadgh" {rF+ Stlth+}
MPRegen  0.19/turn              K - ring of see invisible

@: icy armour, slowed, very slow
A: no striking features
a: Renounce Religion


You were on level 11 of the Dungeon.
You worshipped Vehumet.
Vehumet was greatly pleased with you.
You were very full.

You visited 2 branches of the dungeon, and saw 12 of its levels.
You also visited: Sewer.

You collected 691 gold pieces.
You spent 255 gold pieces at shops.

Inventory:

Hand Weapons
 i - a +9 club (weapon)
Missiles
 j - 8 poisoned javelins (quivered)
Armour
 o - a +0 pair of boots (worn)
 p - a +2 robe of fire resistance (worn)
 r - a +1 helmet (worn)
 t - +0 steam dragon scales
 E - a +0 buckler (worn)
Magical Staves
 n - an uncursed staff of summoning
 C - an uncursed staff of cold
Jewellery
 d - an amulet of the gourmand (around neck)
 e - the ring "Fiehadgh" (left hand) {rF+ Stlth+}
   (You found it in a sewer)

   [ring of stealth]

   It protects you from fire.
   It makes you more stealthy.
 H - an uncursed ring of magical power
 K - a ring of see invisible (right hand)
Wands
 w - a wand of enslavement (12)
 F - a wand of paralysis (17)
 G - a wand of scattershot (5)
 I - a wand of acid (7)
 J - a wand of flame (20)
Scrolls
 b - a scroll of amnesia
 h - 2 scrolls of teleportation
 m - 2 scrolls of enchant armour
 u - 4 scrolls of magic mapping
 x - a scroll of remove curse
 y - a scroll of identify
 D - 2 scrolls of immolation
Potions
 a - a potion of might
 f - 2 potions of flight
 g - 2 potions of heal wounds
 k - a potion of resistance
 l - 4 potions of curing
 q - a potion of invisibility
 s - a potion of mutation
 v - 3 potions of brilliance
 z - a potion of cancellation {unknown}
 B - a potion of haste
Comestibles
 c - 24 rations


   Skills:
 + Level 6.0 Fighting
 + Level 0.4 Armour
 + Level 5.1 Dodging
 + Level 6.1 Stealth
 - Level 4.1 Shields
 + Level 8.1 Spellcasting
 + Level 6.1 Conjurations
 + Level 1.0 Charms
 + Level 12.0 Ice Magic
 + Level 6.3 Earth Magic
 + Level 0.6 Evocations


You had 2 spell levels left.
You knew the following spells:

 Your Spells              Type           Power        Failure   Level  Hunger
a - Freeze                Ice            ####         1%          1    None
b - Throw Frost           Conj/Ice       ######       1%          2    None
c - Ozocubu's Armour      Chrm/Ice       #####...     1%          3    None
d - Iskenderun's Battles  Conj/Chrm      ####....     11%         5    #####..
e - Stone Arrow           Conj/Erth      #####.       1%          3    None
f - Summon Ice Beast      Ice/Summ       #####...     5%          4    ##.....
g - Apportation           Tloc           #.....       6%          1    None
h - Venom Bolt            Conj/Pois      ###.......   13%         5    #####..


Dungeon Overview and Level Annotations

Branches:
Dungeon (11/15)            Temple (1/1) D:4            Lair (0/6) D:11
    Orc (0/2) D:10

Altars:
Ashenzari
Cheibriados
Dithmenos
Elyvilon
Fedhas
Nemelex Xobeh
Okawaru
Qazlal
Sif Muna
Trog
Uskayaw
Vehumet
Wu Jian
Zin

Shops:
D:8 %   D:10 =


Message History

The ice beast misses your ice beast.
Your ice beast hits the freezing wraith but does no damage.
Your ice beast hits the ice beast but does no damage.
The freezing wraith closely misses you. You block the freezing wraith's attack.
Your ice beast hits the freezing wraith but does no damage.
The ice beast barely misses your ice beast.
You hit the freezing wraith but do no damage.
The freezing wraith is almost destroyed.
Your ice beast hits the ice beast.
Your ice beast freezes the ice beast.
The ice beast completely resists.
The freezing wraith hits you but does no damage.
The freezing wraith barely misses you. The ice beast hits your ice beast.
The ice beast freezes your ice beast.
Your ice beast completely resists.
Your ice beast barely misses the freezing wraith.
Your ice beast hits the ice beast.
Your ice beast freezes the ice beast.
The ice beast completely resists.
The freezing wraith hits you!
* * * LOW HITPOINT WARNING * * *
The freezing wraith freezes you!!
You die...

......#......######.....≈≈≈≈
..###'#.......... #....≈.≈≈
. #...........#####....≈≈≈
#.###.......#.......... ...
#.......#....*..... ...
#.....).##......... ...
#.....)..#.YY..!... ..
#####....#WY...$... ..
#..#'#@........
#..#...........
#..#......##### ####......#
.......# ........#
...#####.# ...% .# ..... #


You could see a freezing wraith, an ice beast, 2 friendly ice beasts and a
friendly battlesphere.

Vanquished Creatures
  The ghost of Frank the Carver, a journeyman OpFi of Qazlal (D:11)
  A two-headed ogre (D:11)
  An unseen horror (D:10)
  2 trolls
  The ghost of Squonk the Firebug, an amateur OgFE (D:5)
  A water elemental (D:11)
  A hog (D:8)
  5 spriggans (D:10)
  A wyvern (D:8)
  A yak (D:10)
  Menkaure (D:5)
  Duvessa (D:6)
  An orc warrior (D:11)
  A necrophage (D:10)
  2 sky beasts
  An ice beast (D:6)
  2 phantoms (D:10)
  2 centaurs
  3 ogres
  4 wolves (D:11)
  A big kobold (D:8)
  Blork the orc (D:5)
  2 bullfrogs
  A wyvern skeleton (D:11)
  8 killer bees
  A scorpion (D:10)
  A jelly (D:11)
  A water moccasin skeleton (D:6)
  A wight (D:9)
  5 electric eels (D:11)
  5 howler monkeys
  3 crimson imps
  6 hounds
  4 orc wizards
  2 orc priests
  A bullfrog skeleton (D:10)
  Jessica (D:3)
  An iguana (D:10)
  5 worker ants
  Robin (D:3)
  A howler monkey zombie (D:9)
  A worker ant zombie (D:5)
  11 adders
  4 gnolls
  A howler monkey skeleton (D:9)
  2 shadow imps
  10 oozes (Sewer)
  2 adder skeletons
  5 worms
  A dart slug (D:1)
  12 leopard geckos
  15 orcs
  8 ball pythons
  11 bats
  7 giant cockroaches
  15 goblins
  8 hobgoblins
  19 jackals
  10 kobolds
  5 quokkas
  13 frilled lizards
  A jackal zombie (D:8)
  A quokka zombie (D:9)
  6 rats
253 creatures vanquished.

Vanquished Creatures (collateral kills)
  A two-headed ogre (D:11)
  A hippogriff (D:9)
  A wyvern (D:10)
  3 spriggans (D:10)
  A human (D:7)
  3 hogs (D:7)
  11 yaks
  2 hungry ghosts (D:8)
  Grum (D:8)
  A steam dragon (D:8)
  Edmund (D:5)
  An orc warrior (D:11)
  2 ice beasts
  4 ogres
  4 wolves
  2 bullfrogs
  A gnoll sergeant (D:9)
  Dowan (D:6)
  4 killer bees (D:7)
  2 wights (D:9)
  7 howler monkeys
  A centaur zombie (D:8)
  2 crimson imps
  A quasit (D:7)
  3 hounds (D:11)
  A jelly (D:9)
  An orc priest (D:11)
  An orc wizard (D:8)
  2 iguanas
  A hound skeleton (D:9)
  A howler monkey zombie (D:8)
  4 gnolls (D:9)
  2 goblins (D:5)
  A ball python (D:5)
75 creatures vanquished.

Grand Total: 328 creatures vanquished

Notes
Turn   | Place    | Note
-------+----------+-------------------------------------------
     0 | D:1      | inmateoo the Deep Elf Ice Elementalist began the quest for the Orb.
     0 | D:1      | Reached XP level 1. HP: 10/10 MP: 6/6
   323 | D:1      | Reached XP level 2. HP: 15/15 MP: 5/8
   393 | D:1      | Learned a level 2 spell: Throw Frost
  1240 | D:2      | Reached XP level 3. HP: 19/19 MP: 7/9
  1332 | D:2      | Reached skill level 4 in Ice Magic
  1609 | D:3      | Noticed Robin
  1838 | D:3      | Learned a level 3 spell: Ozocubu's Armour
  1842 | D:3      | Found a white marble altar of Elyvilon.
  1845 | D:3      | Noticed Jessica
  1893 | D:3      | Reached XP level 4. HP: 23/24 MP: 3/11
  2013 | D:3      | Killed Jessica
  2376 | D:3      | Reached XP level 5. HP: 25/28 MP: 5/13
  2513 | D:3      | Found Zin's Purification Station.
  2517 | D:3      | Reached skill level 1 in Fighting
  2566 | D:3      | Found a glowing silver altar of Zin.
  2576 | D:3      | Bought a potion of curing for 90 gold pieces
  2806 | D:3      | Killed Robin
  3044 | D:4      | Reached skill level 5 in Ice Magic
  3133 | D:4      | Found a snail-covered altar of Cheibriados.
  3139 | D:4      | Found a staircase to the Ecumenical Temple.
  3144 | D:4      | Reached XP level 6. HP: 20/34 MP: 7/14
  3155 | Temple   | Entered the Ecumenical Temple
  3209 | Temple   | Became a worshipper of Vehumet
  3584 | D:4      | Found an ornate altar of the Wu Jian Council.
  3804 | D:4      | Reached XP level 7. HP: 40/40 MP: 12/16
  4110 | D:4      | Found a shattered altar of Ashenzari.
  4150 | D:5      | Entered Level 5 of the Dungeon
  4251 | D:5      | Noticed Blork the orc
  4259 | D:5      | Killed Blork the orc
  4259 | D:5      | Reached skill level 5 in Spellcasting
  4529 | D:5      | Reached skill level 6 in Ice Magic
  4534 | D:5      | Found a glowing drain.
  4542 | D:5      | Noticed Squonk's ghost (amateur OgFE)
  4547 | Sewer    | Entered a sewer
  4827 | Sewer    | Reached * piety under Vehumet
  4827 | Sewer    | Offered knowledge of Magic Dart by Vehumet.
  4842 | Sewer    | Learned a level 4 spell: Throw Icicle
  4844 | Sewer    | Learned a level 1 spell: Confusing Touch
  4849 | Sewer    | Learned a level 4 spell: Summon Ice Beast
  4851 | Sewer    | Learned a level 1 spell: Apportation
  5307 | Sewer    | Reached skill level 5 in Stealth
  5355 | Sewer    | Got a shimmering glass ring
  5360 | Sewer    | Identified the ring "Fiehadgh" {rF+ Stlth+} (You found it in a sewer)
  5411 | D:5      | Killed Squonk's ghost
  5588 | D:5      | Noticed Menkaure
  5596 | D:5      | Killed Menkaure
  5596 | D:5      | Reached XP level 8. HP: 45/45 MP: 6/18
  5671 | D:5      | Found a deep blue altar of Sif Muna.
  5827 | D:5      | Noticed Edmund
  5848 | D:5      | Killed Edmund
  5848 | D:5      | Reached skill level 5 in Dodging
  5852 | D:5      | Found an iron altar of Okawaru.
  6176 | D:6      | Reached ** piety under Vehumet
  6176 | D:6      | Offered knowledge of Sting by Vehumet.
  6337 | D:6      | Reached skill level 7 in Ice Magic
  6384 | D:6      | Noticed Duvessa
  6406 | D:6      | Noticed Dowan
  6414 | D:6      | Killed Dowan
  6423 | D:6      | Killed Duvessa
  6758 | D:6      | Found a sparkling altar of Nemelex Xobeh.
  7303 | D:7      | Reached skill level 1 in Shields
  7315 | D:8      | Reached skill level 8 in Ice Magic
  7315 | D:8      | Reached XP level 9. HP: 29/51 MP: 0/21
  7615 | D:8      | Offered knowledge of Searing Ray by Vehumet.
  8227 | D:8      | Reached *** piety under Vehumet
  8238 | D:8      | Reached skill level 5 in Conjurations
  8245 | D:8      | Reached skill level 9 in Ice Magic
  8265 | D:8      | Noticed Grum
  8270 | D:8      | Killed Grum
  8585 | D:8      | Found a shadowy altar of Dithmenos.
  8616 | D:8      | Found Neghiuwa's Food Shop.
  9127 | D:7      | Offered knowledge of Stone Arrow by Vehumet.
  9149 | D:7      | Learned a level 3 spell: Stone Arrow
  9464 | D:9      | Reached XP level 10. HP: 27/58 MP: 9/24
  9473 | D:9      | Reached skill level 1 in Earth Magic
 10520 | D:10     | Entered Level 10 of the Dungeon
 10846 | D:10     | Reached **** piety under Vehumet
 10862 | D:10     | Reached skill level 10 in Ice Magic
 11120 | D:10     | Reached skill level 5 in Fighting
 11203 | D:10     | Offered knowledge of Venom Bolt by Vehumet.
 11247 | D:10     | Found Axem's Jewellery Boutique.
 11252 | D:10     | Bought an uncursed ring of see invisible for 165 gold pieces
 11447 | D:10     | Found a staircase to the Orcish Mines.
 11476 | D:10     | Noticed an unseen horror
 11481 | D:10     | Killed an unseen horror
 11559 | D:10     | Reached skill level 11 in Ice Magic
 11883 | D:10     | Noticed a gargoyle
 12179 | D:10     | Learned a level 5 spell: Venom Bolt
 12265 | D:11     | Reached XP level 11. HP: 39/64 MP: 22/25
 12306 | D:11     | Noticed a two-headed ogre
 12312 | D:11     | Killed a two-headed ogre
 12336 | D:11     | Reached ***** piety under Vehumet
 12540 | D:11     | Offered knowledge of Iskenderun's Battlesphere by Vehumet.
 12565 | D:11     | Learned a level 5 spell: Iskenderun's Battlesphere
 12576 | D:11     | Found a staircase to the Lair.
 12601 | D:11     | Reached skill level 5 in Earth Magic
 12626 | D:11     | HP: 3/64 [orc/trident (5)]
 12889 | D:11     | Reached skill level 12 in Ice Magic
 12936 | D:11     | Noticed Frank's ghost (journeyman OpFi)
 12944 | D:11     | Killed Frank's ghost
 13034 | D:11     | Noticed a two-headed ogre
 13040 | D:11     | Killed a two-headed ogre
 13040 | D:11     | Reached skill level 1 in Charms
 13156 | D:11     | Slain by a freezing wraith

Skill      XL: |  1  2  3  4  5  6  7  8  9 10 11 |
---------------+----------------------------------+-----
Stealth        | 3 4 5 6 |  6.1
Ice Magic      | 4 5 6 8 9 11 12 | 12.0
Dodging        | 3 4 5 |  5.1
Spellcasting   | 4 5 6 8 |  8.1
Fighting       | 1 2 3 4 5 6 |  6.0
Conjurations   | 3 4 5 6 |  6.1
Shields        | 1 3 4 |  4.1
Earth Magic    | 4 6 |  6.3
Charms         | 1 |  1.0
Armour         | |  0.4
Evocations     | |  0.6

Action                   |  1- 3 |  4- 6 |  7- 9 | 10-12 || total
-------------------------+-------+-------+-------+-------++-------
Melee: Dagger            |    17 |       |       |       ||    17
       Club              |       |    59 |   192 |   121 ||   372
Throw: Javelin           |     8 |     1 |       |       ||     9
 Cast: Freeze            |    62 |    19 |    95 |    87 ||   263
       Throw Frost       |    11 |    33 |    42 |    18 ||   104
       Ozocubu's Armour  |       |     7 |    14 |    13 ||    34
       Summon Ice Beast  |       |       |    41 |    40 ||    81
       Throw Icicle      |       |       |     5 |     7 ||    12
       Venom Bolt        |       |       |       |     4 ||     4
       Stone Arrow       |       |       |       |    13 ||    13
       Iskenderun's Batt |       |       |       |     8 ||     8
  Use: Scroll            |       |       |    17 |     7 ||    24
       Potion            |       |       |     2 |     3 ||     5
 Stab: Sleeping          |     3 |     1 |     8 |     2 ||    14
       Distracted        |       |       |     2 |     1 ||     3
  Eat: Chunk             |    16 |     7 |    23 |    17 ||    63
Armor: Robe              |    16 |    28 |    81 |    69 ||   194
       Skin              |       |       |    42 |       ||    42
Dodge: Dodged            |    49 |    66 |   234 |   152 ||   501
Block: Buckler           |       |       |       |    40 ||    40
